Selects Italian Coastal Battlegroup
Selects Artillery Officer
Construct Infanterie Kompanie
Construct Luftwaffe Kompanie
Selects Designate Defensive Line
Selects Rapid Fortifications
Flak 30 Anti-aircraft Gun Team
Marder III M Tank Destroyer
Selects Obice da 210/22 Artillery Emplacement
Marder III M Tank Destroyer
Marder III M Tank Destroyer
Marder III M Tank Destroyer